 Dungeon Crawl Stone Soup version 0.26-a0-651-gb41185065b (webtiles) character file.

Game seed: 5202056983176814153

799 Flugslaktarn the Chopper (level 7, -1/67 HPs)
             Began as a Deep Dwarf Fighter on Oct 8, 2020.
             Slain by an ogre
             ... wielding a +0 giant club
              (25 damage)
             ... on level 5 of the Dungeon.
             The game lasted 00:01:15 (1767 turns).

Flugslaktarn the Chopper (Deep Dwarf Fighter)       Turns: 1767, Time: 00:01:15

Health: -1/67      AC:  7    Str: 20    XL:     7   Next: 59%
Magic:  4/4        EV:  7    Int:  8    God:
Gold:   168        SH: 10    Dex: 14    Spells: 6/6 levels left

rFire    . . .     SeeInvis .   a - +0 war axe
rCold    . . .     Faith    .   c - +0 kite shield
rNeg     . . .     Spirit   .   b - +0 scale mail
rPois    .         Reflect  .   (no helmet)
rElec    .         Harm     .   (no cloak)
rCorr    .         Rampage  .   (no gloves)
MR       +....                  (no boots)
Stlth    ..........             (no amulet)
HPRegen  0.00/turn              o - ring of attention (curse)
MPRegen  0.09/turn              (no ring)

@: non-regenerating
A: damage resistance, heal wounds, sense surroundings 1, no regeneration
a: Heal Wounds


You were on level 5 of the Dungeon.
You visited 1 branch of the dungeon, and saw 5 of its levels.

You collected 168 gold pieces.

Inventory:

Hand Weapons
 a - a +0 war axe (weapon)
Armour
 b - a +0 scale mail (worn)
 c - a +0 kite shield (worn)
Jewellery
 o - a cursed ring of attention (left hand)
   (You found it on level 4 of the Dungeon)
 r - a +4 ring of evasion {unknown}
   (You found it on level 5 of the Dungeon)
 s - an uncursed ring of wizardry {unknown}
   (You found it on level 5 of the Dungeon)
Wands
 q - a wand of paralysis (8)
   (You found it on level 4 of the Dungeon)
Scrolls
 f - 2 scrolls of immolation {unknown}
 g - 2 scrolls of teleportation {unknown}
 h - a scroll of random uselessness {unknown}
 i - 2 scrolls of magic mapping {unknown}
 k - 2 scrolls of remove curse {unknown}
 l - 2 scrolls of identify {unknown}
 p - a scroll of blinking {unknown}
 t - a scroll of enchant weapon {unknown}
 u - a scroll of enchant armour {unknown}
Potions
 d - a potion of might
 e - 4 potions of curing {unknown}
 j - a potion of flight {unknown}
 m - a potion of ambrosia {unknown}
 n - 2 potions of degeneration {unknown}


   Skills:
 * Level 5.3 Fighting
 * Level 5.7 Axes
 + Level 4.9 Armour
 + Level 5.0 Shields


You had 6 spell levels left.
You didn't know any spells.
Your spell library was empty.

Dungeon Overview and Level Annotations

Branches:
Dungeon (5/15)
 Temple: D:4-7

Altars:
Ashenzari
Sif Muna


Innate Abilities, Weirdness & Mutations

You are resistant to damage.
You can heal yourself by infusing magical energy.
You passively map a small area around you.
You do not regenerate.


Message History

There is a stone staircase leading down here.
An ogre comes into view. It is wielding a +0 giant club.
An ogre is nearby!
You hit the ogre but do no damage. The ogre barely misses you.
Your shield and scale mail prevent you from hitting the ogre.
You block the ogre's attack.
You hit the ogre but do no damage. You block the ogre's attack.
You slash the ogre!
The ogre is moderately wounded.
You block the ogre's attack.
You slash the ogre!
The ogre is severely wounded.
The ogre hits you with a +0 giant club!
You barely miss the ogre.
The ogre is severely wounded.
The ogre hits you with a +0 giant club!
You hit the ogre.
The ogre is severely wounded.
The ogre hits you with a +0 giant club!!
You die...

.##### #..# , ##
#..# ##.# # #..#
#... # #..# #..# *
#########..# #..#
...........# #..#
##########.# #..#
#.# #O.# #.# #@.#
#.#####..#
###........#
########..........#
..)......##########
##########


You could see an ogre.

Vanquished Creatures
  2 sky beasts (D:5)
  A phantom (D:3)
  A bullfrog (D:3)
  A scorpion (D:4)
  2 jellies (D:5)
  A hound (D:4)
  2 orc priests (D:4)
  2 centaur skeletons
  3 worker ants
  A hound skeleton (D:4)
  3 adders
  A shadow imp (D:5)
  A white imp (D:5)
  An ufetubus (D:4)
  An adder skeleton (D:5)
  3 adder zombies (D:5)
  3 worms
  A dart slug (D:4)
  8 orcs
  6 bats (D:2)
  5 giant cockroaches
  3 goblins (D:2)
  4 hobgoblins
  2 jackals (D:1)
  4 kobolds
  A quokka (D:4)
  A ball python (D:4)
  5 frilled lizards
  5 rats
74 creatures vanquished.

Notes
Turn   | Place    | Note
-------+----------+-------------------------------------------
     0 | D:1      | Flugslaktarn the Deep Dwarf Fighter began the quest for the
                  | Orb.
     0 | D:1      | Reached XP level 1. HP: 20/20 MP: 1/1
   179 | D:1      | Reached XP level 2. HP: 24/27 MP: 2/2
   423 | D:2      | Reached XP level 3. HP: 22/34 MP: 3/3
   536 | D:3      | Noticed a phantom
   555 | D:3      | Killed a phantom
   555 | D:3      | Reached XP level 4. HP: 35/44 MP: 4/4
   590 | D:3      | Reached XP level 5. HP: 39/50 MP: 5/5
   732 | D:4      | Reached XP level 6. HP: 24/57 MP: 6/6
  1003 | D:4      | Found a broken altar of Ashenzari.
  1009 | D:4      | Found a shimmering blue altar of Sif Muna.
  1138 | D:5      | Entered Level 5 of the Dungeon
  1230 | D:5      | Noticed a sky beast
  1257 | D:5      | Killed a sky beast
  1257 | D:5      | Reached skill level 5 in Axes
  1257 | D:5      | Reached XP level 7. HP: 48/66 MP: 5/5
  1375 | D:5      | Reached skill level 5 in Fighting
  1456 | D:5      | Reached skill level 5 in Shields
  1767 | D:5      | Slain by an ogre

Illustrated notes

Levels and vault maps discovered:
D:1:      saegor_arrival_simple_d, layout_basic, minmay_tripent
D:2:      layout_loops_ring
D:3:      layout_loops_cross, portal_sewer_entry_e, cheibrodos_ashenzari_chains,
          uniq_ijyb
D:4:      layout_basic, minitemple
D:5:      layout_loops_ring, nicolae_overflow_crystal_walls

Skill      XL: |  1  2  3  4  5  6  7 |
---------------+----------------------+-----
Fighting       | 3 4 5 |  5.3
Axes           | 3 4 5 |  5.7
Shields        | 4 5 |  5.0
Armour         | 4 |  4.9

Action                   |  1- 3 |  4- 6 |  7- 9 || total
-------------------------+-------+-------+-------++-------
Melee: War axe           |   108 |   105 |    75 ||   288
 Abil: Heal Wounds       |     1 |     4 |     4 ||     9
Armor: Scale mail        |    34 |    50 |    29 ||   113
Dodge: Dodged            |    28 |    28 |    19 ||    75
Block: Kite shield       |    60 |    52 |    41 ||   153

Table legend: (Time is in decaauts)
 A = Elapsed time spent in this place.
 B = Non-inter-level travel time spent in this place.
 C = Inter-level travel time spent in this place.
 D = Time resting spent in this place.
 E = Time spent auto-exploring this place.
 F = Levels seen in this place.
 G = Mean time per level.
                   A        B        C        D        E       F      G
               +--------+--------+--------+--------+--------+-----+--------+
         Total |   1873 |   1834 |     39 |      0 |   1213 |   5 |  374.6 |
       Dungeon |   1873 |   1834 |     39 |      0 |   1213 |   5 |  374.6 |
               +--------+--------+--------+--------+--------+-----+--------+

Top non-repeatable levels by time:
     D:5: 660 daAuts
     D:4: 450 daAuts
     D:2: 358 daAuts
     D:3: 206 daAuts
     D:1: 198 daAuts
